 Dungeon Crawl Stone Soup version 0.28.0-53-g5a82cb258f (webtiles) character file.

Game seed: 16678683758547718016

301 Sin92 the Skirmisher (level 6, 0/46 (48) HPs)
             Began as a Demonspawn Fighter on July 28, 2022.
             Was an Initiate of Okawaru.
             Slain by a wight
             ... wielding a +3 dire flail of freezing
              (3 damage)
             ... on level 4 of the Dungeon.
             The game lasted 00:04:15 (4271 turns).

Sin92 the Skirmisher (Demonspawn Fighter)           Turns: 4271, Time: 00:04:15

HP:   0/46 (48)     AC: 12    Str: 19    XL:     6   Next: 14%
MP:   6/6           EV:  5    Int:  9    God:    Okawaru [......]
Gold: 191           SH:  4    Dex: 12    Spells: 5/5 levels left

rFire   . . .      SeeInvis .   a - +1 war axe
rCold   . . .      Faith    .   c - +0 buckler
rNeg    . . .      Spirit   .   m - +0 plate armour
rPois   .          Reflect  .   (no helmet)
rElec   .          Harm     .   l - +0 cloak
rCorr   .          Rampage  .   (no gloves)
Will    .....                   (no boots)
Stlth   ..........              (no amulet)
HPRegen 0.15/turn               (no ring)
MPRegen 0.10/turn               (no ring)

@: lightly drained
A: hooves 1, foul stench 1, powered by death 2
a: Renounce Religion


You were on level 4 of the Dungeon.
You worshipped Okawaru.
Okawaru was noncommittal.
You visited 2 branches of the dungeon, and saw 6 of its levels.

You collected 191 gold pieces.

Inventory:

Hand Weapons
 a - a +1 war axe (weapon)
Armour
 b - a +0 scale mail
 c - a +0 buckler (worn)
 l - a +0 cloak (worn)
 m - a +0 plate armour (worn)
Jewellery
 k - an amulet of guardian spirit
Scrolls
 e - a scroll of identify
 f - 2 scrolls of summoning
 g - a scroll of fog
 h - 3 scrolls of teleportation
Potions
 d - a potion of might
 i - a potion of ambrosia
 j - a potion of haste
 n - 2 potions of curing {unknown}
 p - a potion of degeneration {unknown}


   Skills:
 + Level 4.0 Fighting
 * Level 3.9 Axes
 + Level 3.7 Armour
 + Level 3.6 Shields


You had 5 spell levels left.
You didn't know any spells.
Your spell library contained the following spells:

 Spells                   Type           Power      Damage    Failure   Level
 Slow                     Hex            0%         N/A       100%        1
 Confusing Touch          Hex            0%         N/A       100%        3
 Vampiric Draining        Necr           0%         2d6       100%        3


Dungeon Overview and Level Annotations

Branches:
Dungeon (5/15)             Temple (1/1) D:4

Altars:
Ashenzari
Elyvilon
Makhleb
Nemelex Xobeh
Okawaru
Sif Muna
Trog
Uskayaw
The Shining One

Shops:
D:5 [


Innate Abilities, Weirdness & Mutations

You have large cloven feet.
You may rarely emit foul miasma when damaged in melee.
You regenerate health from kills.


Message History

You feel drained. The wight freezes you.
Unknown command.
You barely miss the wight. You hit the wight but do no damage.
The wight hits you but does no damage. x2
Unknown command.
You barely miss the wight. You hit the wight.
The wight hits you but does no damage.
Unknown command.
You barely miss the wight. You kick the wight, but do no damage.
The wight is moderately damaged.
You hit the wight but do no damage. The wight hits you but does no damage.
You block the wight's attack. The wight hits you but does no damage.
The wight hits you with a +3 dire flail of freezing.
You feel drained. The wight freezes you.
Unknown command.
You closely miss the wight.
The wight is moderately damaged.
You closely miss the wight. You hit the wight but do no damage.
The wight hits you with a +0 hand axe. The wight hits you but does no damage.
The wight hits you with a +3 dire flail of freezing.
The wight freezes you. The wight hits you with a +0 hand axe.
Unknown command.
You are too injured to fight recklessly!
Unknown command.
You are too injured to fight recklessly!
Unknown command.
There is a stone staircase leading up here.
You block the wight's attack.
You climb upwards.
There is a stone staircase leading down here.
You hit the wight.
The wight is lightly damaged.
The wight hits you with a +3 dire flail of freezing!
* * * LOW HITPOINT WARNING * * *
The wight freezes you.
* * * LOW HITPOINT WARNING * * *
You hit the wight but do no damage. You kick the wight, but do no damage.
The wight is lightly damaged.
The wight hits you with a +3 dire flail of freezing.
You die...

..#....##...##.....#
..#.....'..........#
..#.....#...##....##
..#....###'######.(#
..#....##...##.....######
..#.........#.....#.....#
..#.........#.....#.....#
..#.........#.....#.....#
..#.........#...@.#.....#
..#.........#...z.#.....#
..#.........#.....#.....#
..#.........#.....#.....#
..+.........#<....#.....#
..#.........#.....#.....#
.##.........#.....#.....#
.##.........##....#.....#
............##....#.....#


You could see a wight.

Vanquished Creatures
  Menkaure (D:4)
  A hound (D:4)
  Crazy Yiuf (D:4)
  An iguana (D:4)
  An adder (D:4)
  An adder skeleton (D:4)
  2 worms (D:2)
  4 dart slugs
  An orc (D:3)
  7 bats
  5 endoplasms
  14 goblins
  3 hobgoblins
  3 jackals (D:1)
  A kobold (D:1)
  2 quokkas
  10 ball pythons
  2 frilled lizards (D:2)
  8 rats
68 creatures vanquished.

Vanquished Creatures (others)
  2 fungi (D:1)
  6 plants (D:1)
8 creatures vanquished.

Grand Total: 76 creatures vanquished

Notes
Turn   | Place    | Note
-------+----------+-------------------------------------------
     0 | D:1      | Sin92 the Demonspawn Fighter began the quest for the Orb.
     0 | D:1      | Reached XP level 1. HP: 18/18 MP: 1/1
   170 | D:1      | Gained mutation: You have large cloven feet. [demonic
                  | ancestry]
   170 | D:1      | Reached XP level 2. HP: 24/24 MP: 2/2
   577 | D:1      | Found a faded altar of an unknown god.
   732 | D:1      | Gained mutation: You may rarely emit foul miasma when
                  | damaged in melee. [demonic ancestry]
   732 | D:1      | Reached XP level 3. HP: 29/29 MP: 3/3
  2249 | D:3      | Reached XP level 4. HP: 35/35 MP: 4/4
  3083 | D:4      | Noticed Menkaure
  3089 | D:4      | Killed Menkaure
  3090 | D:4      | Gained mutation: You regenerate a little health from kills.
                  | [demonic ancestry]
  3090 | D:4      | Reached XP level 5. HP: 23/42 MP: 5/5
  3387 | D:4      | Found a staircase to the Ecumenical Temple.
  3694 | D:4      | Found a runed translucent door.
  3695 | D:4      | Noticed Crazy Yiuf
  3739 | D:4      | Reached skill level 4 in Fighting
  3739 | D:4      | Gained mutation: You regenerate health from kills. [demonic
                  | ancestry]
  3739 | D:4      | Reached XP level 6. HP: 39/48 MP: 6/6
  3967 | D:4      | Killed Crazy Yiuf
  4062 | Temple   | Entered the Ecumenical Temple
  4196 | Temple   | Became a worshipper of Warmaster Okawaru
  4250 | D:5      | Entered Level 5 of the Dungeon
  4251 | D:5      | Found Ras Xosch's Antique Armour Shop.
  4271 | D:4      | Slain by a wight

Illustrated notes

Levels and vault maps discovered:
D:1:      dpeg_arrival_shrine, layout_loops_ring, shapermc_ecumenical_altar_gd,
          st_stairs_2
D:2:      layout_loops_ring, serial_co_window_serial, co_window_paths_a,
          co_window_paths_a, co_window_corner_a, co_window_paths_a,
          co_window_paths_a, co_window_2corner, co_window_broadway_b,
          co_window_unsneaky_path_b, co_window_corner_ca,
          co_window_unsneaky_path_c, co_window_of_opportunity_b,
          co_window_2corner, co_window_paths_e, glass_columns_b,
          glass_columns_b, glass_columns_a
D:3:      wad_crossroads, layout_loops_ring, minmay_tree_intersection,
          minmay_misc_feat_columns
D:4:      layout_gridville, minmay_temple_entry_hall, uniq_menkaure,
          uniq_crazy_yiuf_cottage
D:5:      layout_gridville, general_overflow_altar, serial_shops, shop_coins,
          minmay_misc_feat_chi, uniq_grinder
Temple:   roderic_octagonal_lattice_temple

Skill      XL: |  1  2  3  4  5 |
---------------+----------------+-----
Axes           | 2 3 |  3.9
Armour         | 3 |  3.7
Shields        | 3 |  3.6
Fighting       | 4 |  4.0

Action                   |  1- 3 |  4- 6 || total
-------------------------+-------+-------++-------
Melee: War axe           |   121 |    55 ||   176
       Kick              |    21 |    19 ||    40
  Use: Scroll            |       |     9 ||     9
Armor: Scale mail        |    51 |       ||    51
       Plate armour      |     5 |    30 ||    35
Dodge: Dodged            |    57 |    13 ||    70
Block: Buckler           |    25 |    12 ||    37
